 Dungeon Crawl Stone Soup version 0.18-a0-1575-g920359c (webtiles) character file.

156 4thArraOfDagon the Sneak (level 5, -16/42 HPs)
             Began as a Naga Enchanter on Mar 16, 2016.
             Demolished by a gnoll
             ... wielding a +1 halberd of venom
              (17 damage)
             ... on level 6 of the Dungeon.
             The game lasted 00:06:18 (889 turns).

4thArraOfDagon the Sneak (Naga Enchanter)            Turns: 889, Time: 00:06:18

Health: -16/42     AC:  3    Str: 10    XL:     5   Next: 37%
Magic:  6/8        EV: 10    Int: 17    God:
Gold:   103        SH:  0    Dex: 14    Spells: 3 memorised, 2 levels left

rFire  . . .     SeeInvis +     a - +2 dagger
rCold  . . .     Gourm    .     b - +1 robe
rNeg   . . .     Faith    .     (no shield)
rPois  +         Spirit   .     (no helmet)
rElec  .         Dismiss  .     (no cloak)
rCorr  .         Reflect  .     (no gloves)
SustAt .         Harm     .     (no barding)
MR     .....                    (no amulet)
Stlth  ++........               l - +3 ring of dexterity
                                (no ring)

@: lethally poisoned (-16 -> -21), glowing, very slow, not resistant to hostile
enchantments, unstealthy
A: see invisible, deformed body, poison resistance, slowness 2, slow metabolism
1, spit poison 2, AC +1
a: Spit Poison


You were on level 6 of the Dungeon.
You were not hungry.

You visited 1 branch of the dungeon, and saw 6 of its levels.

You collected 103 gold pieces.

Inventory:

Hand Weapons
 a - a +2 dagger (weapon)
Armour
 b - a +1 robe (worn)
Jewellery
 j - an uncursed ring of teleportation
 l - a +3 ring of dexterity (right hand)
Scrolls
 e - 2 scrolls of random uselessness
Potions
 i - a potion of flight
Books
 c - a book of Maledictions

   Spells                             Type                      Level
   a - Corona                         Hexes                        1
   b - Ensorcelled Hibernation        Hexes/Ice                    2
   c - Confuse                        Hexes                        3
   d - Tukima's Dance                 Hexes                        3
   e - Dazzling Spray                 Conjuration/Hexes            3
Comestibles
 d - 3 bread rations
 f - a beef jerky
 g - 2 chunks of flesh


   Skills:
 * Level 3.4 Short Blades
 - Level 1.5 Dodging
 + Level 6.0 Stealth
 - Level 2.0 Spellcasting
 - Level 3.1 Hexes
 - Level 2.1 Ice Magic


You had 2 spell levels left.
You knew the following spells:

 Your Spells              Type           Power        Failure   Level  Hunger
a - Corona                Hex            ##.....      6%          1    #......
b - Ensorcelled Hibernat  Hex/Ice        ##....       12%         2    ###....
c - Confuse               Hex            ##......     17%         3    ###....


Dungeon Overview and Level Annotations

Branches:
Dungeon (6/15)             Temple (0/1) D:6

Altars:
The Shining One


Innate Abilities, Weirdness & Mutations

You cannot wear boots.
Your serpentine skin is tough (AC +1).
You have supernaturally acute eyesight.
Armour fits poorly on your strangely shaped body.
Your system is resistant to poisons.
You cover ground very slowly.
You have a slow metabolism.
You can spit poison.


Message History

Casting: Ensorcelled Hibernation
Confirm with . or Enter, or press ? or * to list all spells.
Aiming: Ensorcelled Hibernation
Press: ? - help, Shift-Dir - straight line, f - gnoll shaman
Aim: a gnoll shaman, wielding a club and wearing a robe (chance to defeat MR: 41%)
The gnoll shaman looks drowsy...
* * * LOW HITPOINT WARNING * * *
You feel sick.
The gnoll hits you from afar with a halberd of venom.
* * * LOW HITPOINT WARNING * * *
Unknown command.
Unknown command.
The helpless gnoll shaman fails to defend itself.
You impale the gnoll shaman!!
You kill the gnoll shaman!
Your Stealth skill increases to level 6!
* * * LOW HITPOINT WARNING * * *
You feel sick.
The gnoll hits you from afar with a halberd of venom!
You die...

..$........
..)........
..........
###......P.>
#.##.$.gh...PP.
#.....gg.h.....
#g# #)# #@# #.#
#.# ..# ###


You could see 4 gnolls and a jackal.

Vanquished Creatures
  A hound (D:5)
  A gnoll shaman (D:6)
  An orc wizard (D:5)
  An adder (D:5)
  2 dart slugs
  4 worms
  3 orcs (D:5)
  3 bats
  2 giant cockroaches
  3 hobgoblins
  9 jackals
  A quokka (D:3)
  3 giant newts (D:2)
  2 goblins (D:2)
  6 kobolds
42 creatures vanquished.

Notes
Turn   | Place    | Note
--------------------------------------------------------------
     0 | D:1      | 4thArraOfDagon the Naga Enchanter began the quest for the Orb.
     0 | D:1      | Reached XP level 1. HP: 15/15 MP: 3/3
   105 | D:2      | Reached XP level 2. HP: 22/22 MP: 5/5
   130 | D:2      | Learned a level 2 spell: Ensorcelled Hibernation
   272 | D:2      | Found a glowing golden altar of the Shining One.
   275 | D:2      | Reached skill level 1 in Ice Magic
   340 | D:2      | Reached XP level 3. HP: 21/28 MP: 3/6
   356 | D:2      | Learned a level 3 spell: Confuse
   535 | D:2      | Reached skill level 5 in Stealth
   716 | D:5      | Entered Level 5 of the Dungeon
   720 | D:5      | Reached XP level 4. HP: 21/36 MP: 7/7
   845 | D:5      | Reached XP level 5. HP: 29/42 MP: 8/8
   881 | D:6      | Found a staircase to the Ecumenical Temple.
   888 | D:6      | HP: 2/42 [gnoll/halberd of venom (3)]
   889 | D:6      | Reached skill level 6 in Stealth
   889 | D:6      | Demolished by a gnoll

Vault maps used:
D:1:      dpeg_arrival_court
D:2:      lemuel_doored_altar
D:4:      xom_teletrap_fun, nemelex_xobeh_ov_fountains_minmay,
          serial_bayou_ford_a, cheibriados_altar_1, uniq_crazy_yiuf_cottage
D:5:      first_bread, kennysheep_generic_room_3
D:6:      minmay_klotski, kennysheep_mini_moat, nicolae_overflow_hidden_temple,
          marbit_many_paths, minmay_temple_entry_overgrown, uniq_menkaure

Skill      XL: |  1  2  3  4  5 |
---------------+----------------+-----
Ice Magic      | 1 2 |  2.1
Short Blades   | 2 3 |  3.4
Stealth        | 5 6 |  6.0
Dodging        | |  1.5
Spellcasting   | |  2.0
Hexes          | |  3.1

Action                   |  1- 3 |  4- 6 || total
-------------------------+-------+-------++-------
Melee: Dagger            |    70 |    24 ||    94
 Cast: Ensorcelled Hiber |    10 |     5 ||    15
 Abil: Spit Poison       |    22 |     4 ||    26
  Use: Scroll            |     2 |     5 ||     7
       Potion            |       |     4 ||     4
 Stab: Sleeping          |    11 |     4 ||    15
  Eat: Chunk             |     1 |     1 ||     2
